AoeStats
← Tiktak

Nomad

504690505Analyzed
4v4 RM · 27d ago on Sep 6, 2026· 33m 16s· 8 players
Game mode
Random Map
Map size
231×231
Population
200
Speed
Normal
Resources
Standard
Victory
Conquest
Starting age
Dark Age
Ending age
Imperial Age
RankedLock teamsTeams togetherTeam positionsShared explorationLock speedFull tech treeHidden civsTurbo modeCheats
Victory
Defeat
🇷🇺 Huns · Russia
706
+15
🇦🇷 Maya · Argentina
700
+16
🇮🇹 Persians · Italy
688
+16
🇧🇷 Aztecs · Brazil
680
+16
🇨🇳 Huns · China
746
-18
🇨🇳 Magyars · China
729
-17
🇹🇷 Turks · Türkiye
656
-14
🇩🇴 Vikings · Dominican Republic
636
-14
Magoalfa29
3:51 Loom
15:03 Feudal Age
17:24 Double-Bit Axe
18:41 Horse Collar
27:00 Castle Age
25:56 Fletching
26:08 Padded Archer Armor
26:06 Arson
26:20 Stone Mining
27:19 Crossbowman
29:06 Town Watch
33:04 Thumb Ring
Assisu2405
3:36 Loom
17:59 Feudal Age
19:35 Fishing Lines
22:17 Man-at-Arms
23:42 Double-Bit Axe
27:37 Castle Age
25:36 Stone Mining
27:56 Long Swordsman
33:08 Fletching
Light
4:22 Loom
16:28 Feudal Age
16:29 Man-at-Arms
16:54 Arson
16:57 Double-Bit Axe
16:55 Horse Collar
16:56 Fishing Lines
21:46 Castle Age
21:35 Forging
22:43 Bow Saw
23:35 Heavy Plow
23:29 Town Watch
26:26 Fletching
30:17 Husbandry
32:38 Bloodlines
33:11 Scale Barding Armor
33:41 Iron Casting
Antonio ™
4:53 Loom
16:38 Feudal Age
20:46 Castle Age
19:04 Double-Bit Axe
19:04 Horse Collar
21:28 Husbandry
21:45 Forging
21:41 Scale Barding Armor
22:08 Bloodlines
24:02 Fishing Lines
26:29 Town Watch
26:39 Fletching
26:38 Crossbowman
27:25 Thumb Ring
27:24 Padded Archer Armor
31:12 Bow Saw
31:13 Heavy Plow
31:51 Wheelbarrow
Nothing happened, go cry!
5:57 Loom
19:36 Feudal Age
20:56 Man-at-Arms
21:22 Arson
21:30 Stone Mining
21:38 Town Watch
24:22 Fletching
24:42 Forging
24:33 Scale Mail Armor
Tiktak
4:59 Loom
18:45 Feudal Age
19:13 Double-Bit Axe
20:19 Fishing Lines
22:33 Wheelbarrow
22:57 Gold Mining
22:54 Man-at-Arms
34:26 Castle Age
顺风打工人
4:40 Loom
Steven
14:50 Feudal Age
25:24 Castle Age
26:10 Pikeman
29:02 Scale Mail Armor
Connection lost

Rejoining the realm…

Still unreachable

The connection could not be restored.

Session expired

The server has moved on; the page needs a fresh start.